 Dungeon Crawl Stone Soup version 0.18.1-48-g4cf74bf (webtiles) character file.

471 Ladykiller69 the Shield-Bearer (level 7, -1/55 HPs)
             Began as a Formicid Fighter on Aug 4, 2016.
             Slain by whomadewhat's ghost (3 damage)
             ... on level 4 of the Dungeon.
             The game lasted 00:10:37 (2567 turns).

Ladykiller69 the Shield-Bearer (Formicid Fighter)   Turns: 2567, Time: 00:10:37

Health: -1/55      AC:  7    Str: 22    XL:     7   Next: 31%
Magic:  7/7        EV:  3    Int:  8    God:
Gold:   143        SH: 10    Dex: 10    Spells: 0 memorised, 6 levels left

rFire  . . .     SeeInvis +     a - +0 war axe
rCold  . . .     Gourm    .     b - +0 scale mail
rNeg   . . .     Faith    .     c - +0 shield
rPois  .         Spirit   .     (helmet unavailable)
rElec  .         Dismiss  .     (no cloak)
rCorr  .         Reflect  .     (no gloves)
SustAt .         Harm     .     (no boots)
MR     .....                    (no amulet)
Stlth  ..........               (no ring)
                                (no ring)

@: not resistant to hostile enchantments, extremely unstealthy
A: permanent stasis, dig shafts and tunnels, four strong arms, antennae 3
a: Dig, Shaft Self


You were on level 4 of the Dungeon.
You were very hungry.

You visited 1 branch of the dungeon, and saw 4 of its levels.

You collected 143 gold pieces.

Inventory:

Hand Weapons
 a - a +0 war axe (weapon)
Armour
 b - a +0 scale mail (worn)
 c - a +0 shield (worn)
Wands
 r - a wand of lightning (8/15)
Scrolls
 e - 2 scrolls of enchant armour {unknown}
 g - 2 scrolls of teleportation {unknown}
 j - 2 scrolls of fog {unknown}
 l - a scroll of magic mapping {unknown}
 n - 2 scrolls of immolation {unknown}
 q - a scroll of identify {unknown}
 u - a scroll of remove curse {unknown}
Potions
 d - a potion of might
 i - a potion of mutation {unknown}
 k - a potion of ambrosia {unknown}
 m - 2 potions of curing {unknown}
 o - a potion of brilliance {unknown}
Books
 s - a book of Summonings

   Spells                             Type                      Level
   a - Recall                         Summoning/Translocation      3
   b - Aura of Abjuration             Summoning                    5
   c - Summon Demon                   Summoning                    5
   d - Summon Forest                  Summoning/Translocation      5
   e - Summon Mana Viper              Hexes/Summoning              5
   f - Shadow Creatures               Summoning                    6
 t - a book of Power

   Spells                             Type                      Level
   a - Fulminant Prism                Conjuration/Hexes            4
   b - Iskenderun's Mystic Blast      Conjuration                  4
   c - Venom Bolt                     Conjuration/Poison           5
   d - Bolt of Magma                  Conjuration/Fire/Earth       5
   e - Iron Shot                      Conjuration/Earth            6
   f - Orb of Destruction             Conjuration                  7
   g - Spellforged Servitor           Conjuration/Summoning        7
Comestibles
 f - 3 bread rations
 h - a meat ration
 p - a beef jerky
 v - 3 fruits


   Skills:
 + Level 4.6 Fighting
 * Level 4.6 Axes
 + Level 4.9 Armour
 + Level 5.6 Shields


You had 6 spell levels left.
You didn't know any spells.

Dungeon Overview and Level Annotations

Branches:
Dungeon (4/15)
 Temple: D:4-7

Altars:
Dithmenos
Gozag
Okawaru
Vehumet

Shops:
D:2 *

Annotations:
D:4 1 exclusion, Menkaure; whomadewhat's ghost, amateur MiBe


Innate Abilities, Weirdness & Mutations

You are under a permanent stasis effect.
You can dig through walls and to a lower floor.
Your four strong arms can wield two-handed weapons with a shield.
You have a pair of large antennae on your head (SInv).


Message History

Whomadewhat's ghost is severely damaged.
Whomadewhat's ghost completely misses you.
You block whomadewhat's ghost's attack.
You barely miss whomadewhat's ghost.
Whomadewhat's ghost is severely damaged.
You block whomadewhat's ghost's attack.
You barely miss whomadewhat's ghost.
Whomadewhat's ghost is severely damaged.
Whomadewhat's ghost hits you! Whomadewhat's ghost freezes you.
You miss whomadewhat's ghost.
Whomadewhat's ghost is heavily damaged.
Whomadewhat's ghost hits you. Whomadewhat's ghost freezes you.
* * * LOW HITPOINT WARNING * * *
An orc comes into view. It is wielding a hand axe.
You are feeling very hungry.
There is a stone staircase leading down here.
Whomadewhat's ghost hits you!
* * * LOW HITPOINT WARNING * * *
Whomadewhat's ghost freezes you.
You die...

......... # ...... .##.## ......
#### ..... ..#... ..# #.## .[...
#.# #... ..# # ##?## #.#. ..#.# {
##...## #... #.#.#
#.######.....#######. ....#
#..>@W............... ..#.#
########o....######.. ..# ..
####.#..## #... ..# #.# #...###.#
#..# ..# #.# #..#....# #.#.
..#####.##### ###o#.#.#.# #.##
............. ..###....# #.##
.######.#########.#.#..## #.##
.##.........)......##..#######.##


You could see whomadewhat's ghost and an orc.

Vanquished Creatures
  2 giant frogs
  2 scorpions (D:4)
  An orc priest (D:3)
  Ijyb (D:3)
  A worker ant (D:4)
  7 adders
  An adder skeleton (D:4)
  5 worms
  5 dart slugs
  6 orcs (D:3)
  A ball python (D:4)
  3 bats (D:1)
  4 giant cockroaches
  12 goblins
  6 hobgoblins
  6 jackals
  4 kobolds
  A quokka (D:2)
  6 giant newts
  A quokka skeleton (D:4)
  9 rats
84 creatures vanquished.

Notes
Turn   | Place    | Note
--------------------------------------------------------------
     0 | D:1      | Ladykiller69 the Formicid Fighter began the quest for the Orb.
     0 | D:1      | Reached XP level 1. HP: 18/18 MP: 1/1
    68 | D:1      | Reached XP level 2. HP: 24/24 MP: 2/2
    76 | D:1      | Reached skill level 4 in Shields
   163 | D:1      | Reached XP level 3. HP: 24/29 MP: 3/3
   465 | D:2      | Found an opulent altar of Gozag.
   658 | D:2      | Reached XP level 4. HP: 36/37 MP: 4/4
  1072 | D:2      | Found Gozag's Platinum Reserve.
  1235 | D:3      | Reached XP level 5. HP: 34/42 MP: 5/5
  1243 | D:3      | Found a radiant altar of Vehumet.
  1373 | D:3      | Noticed Ijyb
  1388 | D:3      | Killed Ijyb
  1405 | D:3      | Found a shadowy altar of Dithmenos.
  1551 | D:3      | Reached XP level 6. HP: 44/48 MP: 6/6
  1633 | D:4      | Noticed Menkaure
  1746 | D:3      | Reached skill level 5 in Shields
  2092 | D:4      | Found an iron altar of Okawaru.
  2138 | D:4      | Reached XP level 7. HP: 39/55 MP: 7/7
  2550 | D:4      | Noticed whomadewhat's ghost (amateur MiBe)
  2567 | D:4      | HP: 2/55 [whomadewhat's ghost (14)]
  2567 | D:4      | Slain by whomadewhat's ghost

Skill      XL: |  1  2  3  4  5  6 |
---------------+-------------------+-----
Shields        | 4 5 |  5.6
Axes           | 3 4 |  4.6
Armour         | 4 |  4.9
Fighting       | 4 |  4.6

Action                   |  1- 3 |  4- 6 |  7- 9 || total
-------------------------+-------+-------+-------++-------
Melee: War axe           |    95 |   166 |    41 ||   302
 Abil: Dig               |     2 |     3 |     3 ||     8
  Eat: Chunk             |       |     5 |     1 ||     6
Armor: Scale mail        |    38 |    68 |     7 ||   113
Dodge: Dodged            |    40 |    41 |    14 ||    95
Block: Shield            |    53 |    70 |    22 ||   145
